 Dungeon Crawl Stone Soup version 0.29.0-13-gc9e81de378 (webtiles) character file.

Game seed: 4831994698541759875

219 Artool the Cudgeller (level 5, -12/41 HPs)
             Began as a Demonspawn Gladiator on Sept 8, 2022.
             Killed by divine providence
             ... invoked by an orc priest
              (14 damage)
             ... on level 4 of the Dungeon.
             The game lasted 00:07:19 (4266 turns).

Artool the Cudgeller (Demonspawn Gladiator)         Turns: 4266, Time: 00:07:19

Health: -12/41     AC:  8    Str: 22    XL:     5   Next: 64%
Magic:  5/5        EV: 12    Int:  9    God:
Gold:   118        SH:  0    Dex: 15    Spells: 4/4 levels left

rFire   x . .      SeeInvis .   p - +0 rapier of Laceration {vorpal, rF- Will++ Str+6}
rCold   . . .      Faith    .   (no shield)
rNeg    . . .      Spirit   .   r - +0 ring mail
rPois   .          Reflect  .   c - +0 helmet
rElec   .          Harm     .   (no cloak)
rCorr   .          Rampage  .   (no gloves)
Will    ++...                   (no boots)
Stlth   +.........              (no amulet)
HPRegen 0.13/turn               (no ring)
MPRegen 0.09/turn               (no ring)

@: no status effects
A: thin metallic scales 1
a: no special abilities


You were on level 4 of the Dungeon.
You visited 1 branch of the dungeon, and saw 4 of its levels.

You collected 118 gold pieces.

Inventory:

Hand Weapons
 a - a +0 flail
 p - the +0 rapier of Laceration (weapon) {vorpal, rF- Will++ Str+6}
   (You found it on level 3 of the Dungeon)

   It inflicts extra damage upon your enemies.
   Str:       It affects your strength (+6).
   rF:        It makes you vulnerable to fire.
   Will:      It greatly increases your willpower.
Missiles
 d - 2 throwing nets (quivered)
 e - a javelin
Armour
 b - a +0 leather armour
 c - a +0 helmet (worn)
 r - a +0 ring mail (worn)
Jewellery
 g - a ring of poison resistance
 h - a ring of protection from fire
 k - a ring of wizardry
 q - a ring of magical power
Scrolls
 l - 4 scrolls of identify {unknown}
 m - a scroll of brand weapon {unknown}
 s - a scroll of teleportation {unknown}
 t - a scroll of summoning {unknown}
 u - a scroll of vulnerability {unknown}
Potions
 f - a potion of might {unknown}
 i - a potion of curing {unknown}
 j - a potion of flight {unknown}
 n - 2 potions of heal wounds {unknown}
 o - 2 potions of haste {unknown}


   Skills:
 + Level 3.3 Fighting
 + Level 3.7 Maces & Flails
 - Level 1.7 Throwing
 + Level 2.2 Armour
 + Level 3.7 Dodging


You had 4 spell levels left.
You didn't know any spells.
Your spell library contained the following spells:

 Spells                   Type           Power      Damage    Failure   Level
 Summon Small Mammal      Summ           0%         N/A       54%         1
 Call Canine Familiar     Summ           0%         N/A       89%         3
 Summon Guardian Golem    Hex/Summ       0%         N/A       89%         3
 Fulminant Prism          Conj/Hex       0%         3d6       100%        4
 Iskenderun's Mystic Bla  Conj/Tloc      0%         2d3       100%        4
 Lee's Rapid Deconstruct  Erth           0%         3d5*      100%        5


Dungeon Overview and Level Annotations

Branches:
Dungeon (4/15)
 Temple: D:4-7

Altars:
Ashenzari

Shops:
D:3 (

Annotations:
D:2 1 runed translucent door, Crazy Yiuf


Innate Abilities, Weirdness & Mutations

You are partially covered in thin metallic scales. (AC +2)


Message History

You hit the orc.
The orc is severely wounded.
The orc misses you.
You hit the orc.
You kill the orc!
The orc priest looks braver for a moment.
You barely miss the orc priest.
The orc priest hits you with a +0 flail!
An orc comes into view. It is wielding a +2 mace of protection.
You closely miss the orc priest.
The orc shouts!
The orc priest hits you with a +0 flail.
You hit the orc priest.
The orc priest is heavily wounded.
The orc priest mumbles some strange prayers to Beogh against you.
Beogh smites you!
The orc priest looks satisfied for a moment.
The orc priest mumbles some strange prayers to Beogh against you.
Beogh smites you!
* * * LOW HITPOINT WARNING * * *
You hit the orc priest.
The orc priest is almost dead.
The orc priest barely misses you.
You puncture the orc priest!
You kill the orc priest!
You closely miss the orc. The orc barely misses you.
You hit the orc but do no damage.
The orc priest mumbles some strange prayers to Beogh against you.
Beogh smites you!
* * * LOW HITPOINT WARNING * * *
You hit the orc.
The orc is moderately wounded.
The orc misses you. The orc attacks as you move away!
The orc barely misses you. The orc attacks as you move away!
The orc closely misses you. The orc attacks as you move away!
The orc hits you but does no damage. The orc attacks as you move away!
The orc hits you but does no damage.
The orc priest mumbles some strange prayers to Beogh against you.
Beogh smites you!
You die...

#o# #.#
#o# #.#
#)# #.#
#o# #.#
#.# #.#
#o# #.#
#.# #<#
#o# #.#
#@###.#
#.....#
#######


You could see an orc priest and 3 orcs.

Vanquished Creatures
  An orc priest (D:4)
  Jessica (D:2)
  Natasha (thrice) (D:2)
  3 adders (D:2)
  A gnoll (D:1)
  A worm (D:3)
  A dart slug (D:3)
  An orc (D:4)
  2 endoplasms (D:1)
  3 giant cockroaches (D:1)
  4 goblins
  4 hobgoblins
  8 kobolds
  A quokka (D:1)
  10 ball pythons
  3 bats
  5 frilled lizards
  5 rats
57 creatures vanquished.

Notes
Turn   | Place    | Note
-------+----------+-------------------------------------------
     0 | D:1      | Artool the Demonspawn Gladiator began the quest for the
                  | Orb.
     0 | D:1      | Reached XP level 1. HP: 16/16 MP: 1/1
   176 | D:1      | Gained mutation: You are partially covered in thin metallic
                  | scales. (AC +2) [demonic ancestry]
   176 | D:1      | Reached XP level 2. HP: 4/22 MP: 2/2
   452 | D:1      | Found a faded altar of an unknown god.
   944 | D:1      | Reached skill level 1 in Armour
  1065 | D:1      | Reached XP level 3. HP: 28/28 MP: 3/3
  1481 | D:2      | Noticed Jessica
  1537 | D:2      | Found a runed translucent door.
  1538 | D:2      | Noticed Crazy Yiuf
  1967 | D:2      | Killed Jessica
  1968 | D:2      | Reached XP level 4. HP: 13/34 MP: 4/4
  2458 | D:2      | Noticed Natasha
  2475 | D:2      | Killed Natasha
  2827 | D:2      | Noticed Natasha
  2855 | D:2      | Killed Natasha
  2856 | D:2      | Reached XP level 5. HP: 24/41 MP: 5/5
  3356 | D:2      | Noticed Natasha
  3371 | D:2      | Killed Natasha
  3516 | D:3      | Identified the +0 rapier of Laceration {vorpal, rF- Will++
                  | Str+6}
  3572 | D:3      | Found Xucemul's Antique Weapon Boutique.
  3950 | D:3      | Found a broken altar of Ashenzari.
  4260 | D:4      | HP: 1/41 [orc priest/divine providence (9)]
  4266 | D:4      | Killed from afar by an orc priest

Illustrated notes

Levels and vault maps discovered:
D:1:      amcnicky_arrival_single_pillar, layout_loops_corners,
          hellmonk_ecumenical_altar_blasted, minmay_tromino_v2
D:2:      layout_loops_ring, dk_vineyard_2, chequers_garden, uniq_natasha,
          uniq_crazy_yiuf_cottage, uniq_jessica
D:3:      layout_loops_ring, mainiacjoe_overflow_alcove_2, serial_shops, shop,
          lemuel_old_faithful
D:4:      gammafunk_cloud_chamber, layout_loops_ring, lemuel_doored_altar,
          grunt_qazlal_clouds, minmay_temple_entry_poolview,
          portal_sewer_entry_b, serial_bayou_pond_d, st_stairs_10,
          nicolae_wormholes

Skill      XL: |  1  2  3  4  5 |
---------------+----------------+-----
Maces & Flails | 3 |  3.7
Dodging        | 3 |  3.7
Armour         | 1 2 |  2.2
Fighting       | 3 |  3.3
Throwing       | |  1.7

Action                   |  1- 3 |  4- 6 || total
-------------------------+-------+-------++-------
Melee: Flail             |    83 |    83 ||   166
       Punch             |       |     1 ||     1
       Rapier            |       |    41 ||    41
Throw: Throwing net      |     1 |       ||     1
 Stab: Sleeping          |       |     2 ||     2
Armor: Leather armour    |    47 |    27 ||    74
       Ring mail         |       |    11 ||    11
Dodge: Dodged            |    71 |    81 ||   152
